 Dungeon Crawl Stone Soup version 0.16.0-8-gd9ae3a8 (console) character file.

38 gw the Sneak (level 3, -7/28 HPs)
             Began as a Minotaur Enchanter on Mar 16, 2015.
             Killed by nerve-wracking pain
             ... invoked by Jessica
              (13 damage)
             ... on level 2 of the Dungeon.
             The game lasted 00:01:48 (1935 turns).

gw the Sneak (Minotaur Enchanter)                   Turns: 1935, Time: 00:01:48

Health: -7/28      AC:  3    Str: 12    XL:     3   Next: 25%
Magic:  0/4        EV: 11    Int: 13    God:
Gold:   49         SH:  0    Dex: 10    Spells: 3 memorised, 0 levels left

rFire  . . .     SeeInvis .     a - +1 dagger
rCold  . . .     Clarity  .     f - +0 leather armour
rNeg   . . .     SustAb   .     (no shield)
rPois  .         Gourm    .     (helmet restricted)
rElec  .         Spirit   .     (no cloak)
rCorr  .         Warding  .     (no gloves)
rMut   .         Stasis   .     (no boots)
MR     .....                    (no amulet)
Stlth  +.........               (no ring)
                                (no ring)

@: not resistant to hostile enchantments, very unstealthy
A: retaliatory headbutt, horns 2
a: no special abilities


You were on level 2 of the Dungeon.
You were hungry.

You visited 1 branch of the dungeon, and saw 2 of its levels.

You collected 49 gold pieces.

Inventory:

Hand weapons
 a - a +1 dagger (weapon)
Missiles
 e - 8 curare-tipped needles
 j - 48 poisoned needles
Armour
 f - a +0 leather armour (worn)
Books
 c - a book of Maledictions

   Spells                             Type                      Level
   a - Corona                         Hexes                        1
   b - Sure Blade                     Hexes/Charms                 2
   c - Ensorcelled Hibernation        Hexes/Ice                    2
   d - Confuse                        Hexes                        3
   e - Dazzling Spray                 Conjuration/Hexes            3
   f - Enslavement                    Hexes                        4
Comestibles
 d - 4 bread rations


   Skills:
 + Level 1.2 Fighting
 + Level 1.8 Short Blades
 + Level 1.2 Armour
 - Level 2.1 Dodging
 - Level 2.4 Stealth
 * Level 1.7 Spellcasting
 + Level 2.2 Hexes


You couldn't memorise any spells.
You knew the following spells:

 Your Spells              Type           Power        Failure   Level  Hunger
a - Corona                Hex            #......      14%         1    ##.....
b - Ensorcelled Hibernat  Hex/Ice        #.....       34%         2    ###....
c - Sure Blade            Hex/Chrm       #.........   34%         2    ###....


Dungeon Overview and Level Annotations

Branches:
Dungeon (2/15)

Altars:

Annotations:
D:2 Jessica


Innate Abilities, Weirdness & Mutations

You reflexively headbutt those who attack you in melee.
You have a pair of horns on your head.


Message History

ATTACK MOVE TO (0,-1)
You hit Jessica. Your headbutt misses Jessica.
Jessica is heavily wounded.
Jessica stops glowing.
Jessica casts a spell.
Jessica seems to speed up.
Unknown command.
Unknown command.
Unknown command.
Unknown command.
Casting: Corona
Confirm with . or Enter, or press ? or * to list all spells.
Aiming: Corona
Press: ? - help, Shift-Dir - straight line, f/p - Jessica
Aim: Jessica, wielding a dagger and wearing a robe (heavily wounded, fast, chance 50%) Jessica resists with significant effort.
Jessica hits you with a dagger. Jessica gestures at you while chanting.
Pain shoots through your body!
You die...

... ............
...........$.........
......................
......(................
.........#..............
.........#..............
.<.......#..............
........@.#..............
........H................
..)###......######.......
# #..)...# #....... #8#
#......# #.......
8...8##..##########.......
.....##..# #.....##.......
.....>#..###..............
.....##........[..........
...8##.......##..........


You could see Jessica.

Table legend:
 A = Turns spent in this place as a percentage of turns spent in the entire game.
 B = Non-inter-level travel turns spent in this place as a percentage of non-inter-level travel turns spent in the entire game.
 C = Inter-level travel turns spent in this place as a percentage of turns spent in this place.
 D = Turns resting spent in this place as a percentage of non-inter-level travel turns spent in this place.
 E = Turns spent auto-exploring this place as a percentage of non-inter-level travel turns spent in this place.
 F = Non-inter-level travel turns spent in this place divided by the number of levels of this place that you've seen.
                   A       B       C       D       E      F
               +-------+-------+-------+-------+-------+----------------------
         Total | 100.0 | 100.0 |   0.4 |   2.9 |   2.3 | 1354.0
       Dungeon | 100.0 | 100.0 |   0.4 |   2.9 |   2.3 | 1354.0
               +-------+-------+-------+-------+-------+----------------------

Table legend:
 A = Kills in this place as a percentage of kills in entire the game.
 B = Kills by you in this place as a percentage of kills by you in the entire game.
 C = Kills by friends in this place as a percentage of kills by friends in the entire game.
 D = Other kills in this place as a percentage of other kills in the entire game.
 E = Experience gained in this place as a percentage of experience gained in the entire game.
 F = Experience gained in this place divided by the number of levels of this place that you have seen.
                   A       B       C       D       E      F
               +-------+-------+-------+-------+-------+----------------------
         Total | 100.0 | 100.0 |  -nan |  -nan | 100.0 |  27.5
       Dungeon | 100.0 | 100.0 |  -nan |  -nan | 100.0 |  27.5
               +-------+-------+-------+-------+-------+----------------------

Vanquished Creatures
  A ball python (D:2)
  3 giant cockroaches
  5 goblins
  5 hobgoblins (D:1)
  3 kobolds
  7 bats
  2 giant newts
  7 rats
33 creatures vanquished.

Notes
Turn   | Place    | Note
--------------------------------------------------------------
     0 | D:1      | gw, the Minotaur Enchanter, began the quest for the Orb.
     0 | D:1      | Reached XP level 1. HP: 14/14 MP: 2/2
   260 | D:1      | Reached XP level 2. HP: 20/20 MP: 0/2
   281 | D:1      | Learned a level 2 spell: Ensorcelled Hibernation
   698 | D:1      | Reached skill level 1 in Armour
  1484 | D:2      | Reached XP level 3. HP: 27/27 MP: 2/4
  1506 | D:2      | Learned a level 2 spell: Sure Blade
  1620 | D:2      | Reached skill level 1 in Fighting
  1926 | D:2      | Noticed Jessica
  1935 | D:2      | Killed from afar by Jessica

Action                   || total
-------------------------++-------
Melee: Dagger            ||    68
Throw: Stone             ||    31
 Cast: Corona            ||    35
       Ensorcelled Hiber ||    13
  Use: Scroll            ||     5
       Potion            ||     2
 Stab: Sleeping          ||     1
  Eat: Chunk             ||     5

Vault maps used:
D:1:      dpeg_arrival_concentric_ovals, hangedman_decor_slide_cut
D:2:      nicolae_overflow_hidden_temple, uniq_sigmund, uniq_jessica
